[Event "Marmaris Karya-19 GM-May 2022"]
[Site "Icmeler-Marmaris"]
[Date "2022.05.16"]
[Round "7.1"]
[White "Caglar, Sila"]
[Black "Benidze, Davit"]
[Result "1/2-1/2"]
[ECO "B06"]
[WhiteElo "2133"]
[BlackElo "2425"]
[Annotator "TA"]
[PlyCount "60"]
[EventDate "2022.05.15"]
[EventType "schev"]
[EventCountry "TUR"]
[SourceTitle "playchess.com"]
[Source "ChessBase"]
[SourceQuality "1"]
[TimeControl "5400+30"]

1. e4 g6 2. d4 Bg7 3. Nc3 c6 4. Be3 Qb6 5. Na4 Qa5+ 6. c3 {[%emt 0:00:30] B06: Modern Defence.} d6 {[%emt 0:00:30] [#] aiming for ...b5.} 7. b4 Qc7 8. Nf3 Nf6 9. Bd3 {[%emt 0:01:30] [#]} Bg4 $146 ({Predecessor:} 9... O-O 10. O-O b5 11. Nb2 a5 12. a3 Nbd7 13. Qc2 Bb7 14. c4 bxc4 15. Nxc4 axb4 16. axb4 {1-0 (35) Grimaldi,A (2067)-Tramalloni,L (1980) Mestre 2021}) 10. h3 Bxf3 11. Qxf3 Nbd7 12. O-O O-O 13. c4 a6 (13... b6 $11) 14. Rac1 Rac8 15. Nc3 Qb8 (15... b6 $14 {should be considered.}) 16. a4 e6 17. Qe2 e5 18. d5 c5 19. Rb1 (19. b5 $142) 19... Qc7 {[%emt 0:09:30] [#]} (19... cxb4 $142 20. Rxb4 Nc5) 20. b5 $1 $16 Nh5 21. Qd2 Nf4 22. Ne2 ({Reject} 22. Bxf4 exf4 23. Ne2 g5 $11) 22... axb5 23. Rxb5 ({Don't play} 23. Bxf4 bxc4 24. Bxc4 exf4 $15) 23... Nxd3 24. Qxd3 b6 25. Rfb1 {[%emt 0:00:30] White is more active.} Ra8 26. Nc3 Rfb8 27. Bd2 Bf8 28. Be3 (28. h4 $16) 28... Be7 ({Black should play} 28... Bg7 $1 $11) 29. Bd2 Bf8 $1 30. Be3 ({Better is} 30. g3 $16) 30... Be7 {[%emt 0:00:00] Weighted Error Value: White=0.20 (precise) /Black=0.15 (very precise)} (30... Bg7 $11) 1/2-1/2

[Event "Marmaris Karya-19 GM-May 2022"]
[Site "Icmeler-Marmaris"]
[Date "2022.05.16"]
[Round "7.2"]
[White "Gunduz, Umut Erdem"]
[Black "Toufighi, Homayoon"]
[Result "1-0"]
[ECO "A42"]
[WhiteElo "2316"]
[BlackElo "2439"]
[Annotator "TA"]
[PlyCount "91"]
[EventDate "2022.05.15"]
[EventType "schev"]
[EventCountry "TUR"]
[SourceTitle "playchess.com"]
[Source "ChessBase"]
[SourceQuality "1"]
[TimeControl "5400+30"]

1. e4 c6 2. d4 g6 3. c4 Bg7 4. Nc3 d6 5. Be3 Nd7 6. Qd2 {[%emt 0:05:30] White is more active.} a6 {[%emt 0:00:30] A42: Modern Defence: Averbakh Variation.} 7. f3 b5 8. d5 b4 {[%emt 0:00:30] [#] White has an edge.} 9. Nd1 $146 ({Predecessor:} 9. dxc6 bxc3 10. cxd7+ Bxd7 11. bxc3 Qa5 12. Bd4 Nf6 13. Bd3 Rc8 14. Ne2 Be6 15. O-O Bxc4 16. Bxc4 Rxc4 17. Qd3 Rc6 18. Rac1 O-O 19. Rfd1 Rfc8 {½-½ (19) Sohal,T (2186)-Gansvind,V (2308) Burnaby 2011}) 9... c5 10. h4 h5 11. Nh3 a5 12. Ng5 Ngf6 13. Be2 Ba6 14. Nf2 Ne5 15. Rc1 Qd7 16. Nd3 {[%emt 0:11:30] aiming for Nxe5.} (16. O-O $5 ) 16... Nxd3+ 17. Bxd3 Qc7 $2 {[%emt 0:01:30] [#] This costs Black the game.} (17... O-O $11) 18. e5 $1 $18 Nh7 {[%emt 0:05:30] [#]} 19. e6 $1 Nxg5 20. hxg5 ({Much less strong is} 20. Bxg5 $6 fxe6 21. Bxg6+ Kd8 $16) 20... O-O-O $2 (20... fxe6 21. Bxg6+ Kd8 22. dxe6 Bb7 23. Bxh5 (23. Rxh5 Rxh5 24. Bxh5 Qc8 $16) 23... Qc8) 21. exf7 {[%emt 0:00:30] White is clearly winning.} e6 22. dxe6 Qe7 23. Bxg6 Qxe6 24. Bxh5 Rxh5 25. Rxh5 Qxf7 26. Rh4 Bb7 27. Kf2 Be5 28. b3 a4 29. Qd3 a3 30. Rh7 Qe6 31. Rch1 {[%emt 0:08:30][%cal Bc1h1,Bh1h7,Bh7f7][%mdl 32] Hoping for R1h6.} Rf8 {[%emt 0:00:00] [#]} 32. Rxb7 $1 Kxb7 33. Qe4+ Kb6 34. Rh7 {[%emt 0:02:03] White wants to mate with Qb7+.} Qc8 {[%emt 0:00:00] Inhibits Qb7+.} 35. g6 Qc6 36. Qxc6+ Kxc6 {[%emt 0:00:00][%mdl 4096] Endgame KRB-KRB} 37. Rf7 Rg8 38. f4 Bb2 39. f5 d5 40. cxd5+ Kd6 41. Rb7 Kxd5 42. Rc7 Ke4 43. Rxc5 Kd3 44. Rc4 Bc3 45. Bc5 Rc8 46. Bxb4 {[%emt 0:00:28] Weighted Error Value: White=0.06 (flawless) /Black=0.31} 1-0

[Event "Marmaris Karya-19 GM-May 2022"]
[Site "Icmeler-Marmaris"]
[Date "2022.05.16"]
[Round "7.3"]
[White "Ozsakallioglu, Okan"]
[Black "Maghalashvili, Davit"]
[Result "1/2-1/2"]
[ECO "B19"]
[WhiteElo "2312"]
[BlackElo "2456"]
[Annotator "TA"]
[PlyCount "49"]
[EventDate "2022.05.15"]
[EventType "schev"]
[EventCountry "TUR"]
[SourceTitle "playchess.com"]
[Source "ChessBase"]
[SourceQuality "1"]
[TimeControl "5400+30"]

1. e4 c6 2. d4 d5 3. Nc3 dxe4 4. Nxe4 Bf5 5. Ng3 Bg6 6. h4 h6 7. Nf3 Nd7 8. h5 Bh7 9. Bd3 Bxd3 10. Qxd3 e6 11. Bd2 Ngf6 12. O-O-O Be7 13. Qe2 O-O 14. Nf1 {[%emt 0:00:00][%cal Og2g4] B19: Classical Caro-Kann: 4...Bf5 main line.} c5 15. g4 cxd4 {[%emt 0:00:00] Threatens to win with ...Qb6.} ({But not} 15... Nxg4 16. Rg1 $16) 16. g5 Nd5 17. gxh6 Qb6 $1 {[%emt 0:00:30][%cal Oe7a3] [#] aiming for ...Ba3!} 18. Rg1 {[%emt 0:00:30] Strongly threatening Qd3.} Ba3 $1 19. bxa3 {[%emt 0:00:30] Chess con chili.} Nc3 $1 {[%emt 0:00:30] [#]} 20. Bxc3 $146 ({Predecessor:} 20. Rxg7+ Kh8 21. Rh7+ Kg8 22. Rg7+ Kh8 {½-½ (22) Sychev,K (2385)-Saulin,D (2445) Moscow 2014}) 20... dxc3 21. Rxg7+ Kh8 {[%emt 0:00:30][%csl Gc3][%cal Rb6b2] [#]} 22. Rh7+ $1 {[%emt 0:00:30] The position is equal.} Kg8 $1 23. Rg7+ Kh8 24. Rh7+ $1 Kg8 $1 25. Rg7+ {[%emt 0:00:30] Weighted Error Value: White=0.00 (flawless) /Black=0.00 (flawless)} 1/2-1/2

[Event "Marmaris Karya-19 GM-May 2022"]
[Site "Icmeler-Marmaris"]
[Date "2022.05.16"]
[Round "7.4"]
[White "Darban, Morteza"]
[Black "Gholami, Aryan"]
[Result "1/2-1/2"]
[ECO "B15"]
[WhiteElo "2279"]
[BlackElo "2530"]
[Annotator "TA"]
[PlyCount "162"]
[EventDate "2022.05.15"]
[EventType "schev"]
[EventCountry "TUR"]
[SourceTitle "playchess.com"]
[Source "ChessBase"]
[SourceQuality "1"]
[TimeControl "5400+30"]

1. e4 c6 2. d4 d5 3. Nd2 dxe4 4. Nxe4 Nf6 5. Nxf6+ exf6 6. Bc4 Bd6 7. Qe2+ Qe7 8. Qxe7+ Kxe7 9. Ne2 Bf5 10. c3 {[%emt 0:00:30] B15: Caro-Kann: 3 Nc3: 3...g6 and 3...dxe4 4 Nxe4 Nf6 5 Nxf6+ exf6.} Re8 11. Bf4 Bxf4 12. Nxf4 Kf8+ 13. Kd2 c5 14. dxc5 {[%emt 0:04:30] [#]} Nd7 $146 {[%emt 0:15:30] Strongly threatening ...Re4.} ({Resist} 14... Re4 15. Bd5 $1 Re7 16. Rad1 $16) ({Predecessor:} 14... Nc6 15. Rae1 Ne5 16. Bb5 Rec8 17. c6 Nxc6 18. Bd3 Rd8 19. Kc2 Rxd3 20. Nxd3 Rd8 {½-½ (27) Poormosavi,S (2290)-Salimova,N (2403) Ayvalik 2022}) 15. Bb5 Rad8 16. Rad1 Re4 17. Ne2 Nxc5+ 18. Kc1 Rxd1+ 19. Rxd1 Bd7 20. Nd4 Bxb5 21. Nxb5 $14 {[%emt 0:00:00][%mdl 4096] Endgame KRN-KRN} a6 22. Nd4 g6 23. Kd2 h5 24. f3 Re8 25. b3 h4 26. Re1 Rd8 27. Kc2 b5 28. Ra1 Rd5 29. Re1 f5 30. Nc6 Ne6 31. Nb4 Rd6 32. Rd1 Ke7 33. Nd5+ Kd7 34. h3 Kc6 35. Ne7+ Kc7 {[%emt 0:00:30] And now ...Rxd1 would win.} (35... Kd7 $5 36. Nd5 Nc7 $11) 36. Nd5+ Kb7 37. c4 Rd8 38. Kc3 Rc8 39. Rd2 (39. a4 $14) 39... a5 $11 40. Ne3 b4+ 41. Kc2 Kc6 42. Nd5 Re8 {[%emt 0:00:31] Against Ne7+} 43. Kd1 Ra8 44. Ne7+ Kc7 45. Nd5+ Kb7 46. Ke2 Ra7 47. Ne7 Kc7 48. Ke3 Ra8 49. Nd5+ Kb7 50. Nf4 Nc5 (50... g5 $11 51. Nxe6 fxe6) 51. Rd5 $16 Kc6 52. Ne2 ({White has to play} 52. Kd4 $1 $16 Ne6+ 53. Nxe6 fxe6 54. Re5) 52... Re8+ $11 53. Kd2 Kb6 54. Rd6+ Kc7 55. Rd5 Nb7 (55... Kb6 $11) 56. Rd4 ({White should try} 56. Rb5 $14) 56... a4 57. Rxh4 axb3 58. axb3 Nc5 59. Nc1 Rd8+ $1 60. Kc2 Ne6 $1 61. Rh7 Rd7 {[%emt 0:01:29] [#]} (61... Nd4+ $11 {remains equal.} 62. Kb2 Rd7) 62. Nd3 (62. Ne2 $1 $16) 62... Nd4+ 63. Kb2 Nxf3 $1 64. Nxb4 Ng5 $1 65. Rg7 Ne6 66. Rh7 Ng5 67. Rg7 {[%emt 0:00:16] aiming for Nd5+.} Kd6 $2 {[%emt 0:01:37] [#]} (67... Ne6 $11 68. Rh7 Rd2+ 69. Kc3 Rxg2) 68. Nd5 $1 $18 Ke5 69. Rg8 f4 70. Re8+ Ne6 71. Re7 {[%emt 0:00:36] White is more active.} (71. Ra8 $16) 71... Rxe7 $11 72. Nxe7 {[%emt 0:00:01] KN-KN} g5 (72... Kd4 $5 ) 73. Kc3 {[%emt 0:00:30] b4 is the strong threat.} f5 74. b4 {[%emt 0:00:26][%cal Oh3h4] Black must now prevent h4! The position is equal.} g4 75. hxg4 fxg4 76. Kd3 f3 77. gxf3 gxf3 78. Ke3 f2 79. Kxf2 {[%emt 0:00:23] Threatens to win with Ke3.} Kd4 80. c5 Nxc5 81. bxc5 Kxc5 {[%emt 0:00:01] Weighted Error Value: White=0.09 (flawless) /Black=0.11 (very precise)} 1/2-1/2

[Event "Marmaris Karya-19 GM-May 2022"]
[Site "Icmeler-Marmaris"]
[Date "2022.05.16"]
[Round "8.1"]
[White "Toufighi, Homayoon"]
[Black "Caglar, Sila"]
[Result "1-0"]
[ECO "A03"]
[WhiteElo "2439"]
[BlackElo "2133"]
[Annotator "TA"]
[PlyCount "113"]
[EventDate "2022.05.15"]
[EventType "schev"]
[EventCountry "TUR"]
[SourceTitle "playchess.com"]
[Source "ChessBase"]
[SourceQuality "1"]
[TimeControl "5400+30"]

1. b3 d5 2. Bb2 Nf6 3. f4 e6 4. Nf3 Bd6 5. e3 c5 6. Bd3 Nc6 {[%emt 0:01:30] A03: Bird's Opening with 1...d5.} 7. O-O Qc7 {[%emt 0:00:30] [#]} (7... O-O $142) 8. Qe1 $146 ({Predecessor:} 8. Nc3 a6 9. Ne2 Bd7 10. Ng3 O-O-O 11. a3 h5 12. h3 h4 13. Ne2 Nh5 14. Qe1 {1-0 (29) Lagarde,M (2640)-Merstorf,D (1927) Europe Echecs INT 2021}) 8... Ne7 (8... Be7 $11) 9. Bxf6 {[%emt 0:01:30] White is more active.} (9. c4 $14) 9... gxf6 $11 10. Qh4 f5 11. c4 (11. Bb5+ $11 {remains equal.} Bd7 12. Nc3) 11... Ng6 ({Black should play} 11... d4 $1 $17) 12. Qh5 (12. Qe1 $1 $11 {keeps the balance.}) 12... d4 $1 $17 13. Na3 a6 $1 14. Nc2 Bd7 15. g3 dxe3 16. dxe3 Bc6 {[%emt 0:00:30] Against e4} 17. Be2 O-O-O 18. Nh4 $2 (18. Nfe1 $17 {was worth a try.}) 18... Be4 19. Ne1 Be7 {[%emt 0:00:30] And now ...Bxh4 would win. A strong pair of Bishops.} 20. Nhg2 {[%emt 0:00:00] [#]} Rd2 (20... Qa5 $1 $19 21. Rd1 Rxd1 22. Bxd1 Qxa2) 21. Bf3 Qc6 (21... Bf6 $17 22. Rd1 Bxf3 23. Qxf3 Rxa2) 22. Rf2 Rd7 23. Bxe4 Qxe4 24. Rd1 Rxd1 25. Qxd1 h5 26. h4 Nf8 27. Rd2 Qc6 28. Nf3 f6 29. Kf2 Nd7 30. Nge1 e5 31. Nc2 e4 (31... b5 $11) 32. Ng1 $1 $14 Nb6 33. Ne2 Qe8 34. Na3 Qg6 35. Nb1 Qg4 36. Qh1 {[%emt 0:00:30] Prevents Qf3+.} Rd8 37. Rxd8+ (37. a3 {is interesting.} Rg8 38. Nbc3 Rd8 39. Ke1) 37... Kxd8 38. Nbc3 Ke8 39. Ke1 Qg8 40. Kd2 Kf7 41. Qc1 Qd8+ 42. Ke1 Qd3 43. Kf2 Bd8 44. Qa3 Nd7 45. Nd5 Qd2 46. Qa4 $2 (46. Qc1 $11 {and White is okay.} Qxc1 47. Nxc1) 46... Ke6 $2 (46... Nb6 $19 47. Qa3 Nxd5 48. cxd5 Ba5) 47. a3 Qc2 (47... Ba5 $2 48. b4 Bd8 49. bxc5 $18 (49. Kf1 Kd6 $11)) 48. Ndc3 Be7 $2 {[%emt 0:01:30][%mdl 8192] [#]} (48... Qd3 $11 {and Black stays safe.}) 49. Qa5 $1 $18 Kd6 50. Nd5 {[%emt 0:04:30] Hoping for Qc7+.} Qxb3 51. Qc7+ Ke6 52. Qc8 {[%emt 0:00:30] Intending Qe8 and mate.} Kd6 53. Qe8 Bf8 54. Qxh5 $2 $40 {[%emt 0:01:30][%mdl 128] White attacks.} ({White should try} 54. Qg6 $18) 54... Qxc4 $11 55. Nec3 Qd3 $2 (55... Nb6 $11 56. Nxb6 Qxc3 57. Qxf5 Qd2+ 58. Kf1 Qd1+ 59. Kg2 Qf3+ 60. Kh3 (60. Kh2 Qf2+ 61. Kh3 Qf1+ 62. Kg4 Qf3+ 63. Kh3 Qh1+ 64. Kg4 Qf3+ 65. Kh3 Qh1+ 66. Kg4 Qf3+ $11) 60... Qh1+ 61. Kg4 Qf3+ 62. Kh3 Qh1+ 63. Kg4 Qf3+ 64. Kh3) 56. Qxf5 $18 Qd2+ 57. Kg1 {[%emt 0:00:30] Quite a comeback for White.  Weighted Error Value: White=0.32/Black=0.40} 1-0

[Event "Marmaris Karya-19 GM-May 2022"]
[Site "Icmeler-Marmaris"]
[Date "2022.05.16"]
[Round "8.2"]
[White "Maghalashvili, Davit"]
[Black "Gunduz, Umut Erdem"]
[Result "1-0"]
[ECO "C41"]
[WhiteElo "2456"]
[BlackElo "2316"]
[Annotator "TA"]
[PlyCount "41"]
[EventDate "2022.05.15"]
[EventType "schev"]
[EventCountry "TUR"]
[SourceTitle "playchess.com"]
[Source "ChessBase"]
[SourceQuality "1"]
[TimeControl "5400+30"]

1. e4 e5 2. Nf3 d6 3. d4 exd4 4. Nxd4 Nf6 5. Nc3 Be7 6. Be2 O-O 7. O-O Re8 8. f4 Bf8 9. Bf3 c6 10. Re1 {[%emt 0:04:30] C41: Philidor Defence.} Nbd7 11. Be3 g6 {[%emt 0:05:30] [#]} 12. Bf2 $146 {[%emt 0:00:30] White is more active. White is slightly better.} ({Predecessor:} 12. Qd2 Nb6 13. b3 Bg4 14. Bf2 c5 15. Ndb5 Bxf3 16. gxf3 a6 17. Na3 Qc7 18. Rad1 {1-0 (49) Schloetter,H (1717)-Berresheim,H (1546) Nickenich 2015}) 12... Bh6 13. Nde2 Qc7 14. g4 {[%emt 0:00:30][%cal Bg2g4,Bg4g5][%mdl 32] Threatens to win with g5.} (14. a4 {is interesting.} Nc5 15. e5 Ng4 16. exd6 Nxf2 17. Qd4) 14... Bg7 $2 (14... d5 $1 $14 15. g5 (15. exd5 Bxf4 16. Nxf4 Rxe1+ 17. Qxe1 Qxf4 $14) 15... dxe4) 15. g5 $18 Nh5 (15... b5 {was necessary.} 16. gxf6 Nxf6) 16. Bxh5 gxh5 {[%emt 0:00:00] [#]} 17. Ng3 $1 Nf8 18. Nxh5 Ng6 19. Nxg7 Kxg7 20. Qf3 Kg8 21. Rad1 {[%emt 0:02:30] Prevents d5. Black did not feel at home in the position after the opening.  Weighted Error Value: White=0.13 (very precise) /Black=0.59} 1-0

[Event "Marmaris Karya-19 GM-May 2022"]
[Site "Icmeler-Marmaris"]
[Date "2022.05.16"]
[Round "8.3"]
[White "Gholami, Aryan"]
[Black "Ozsakallioglu, Okan"]
[Result "1-0"]
[ECO "C00"]
[WhiteElo "2530"]
[BlackElo "2312"]
[Annotator "TA"]
[PlyCount "55"]
[EventDate "2022.05.15"]
[EventType "schev"]
[EventCountry "TUR"]
[SourceTitle "playchess.com"]
[Source "ChessBase"]
[SourceQuality "1"]
[TimeControl "5400+30"]

1. e4 c5 2. Nf3 e6 3. g3 Nc6 4. Bg2 Nf6 5. Qe2 Be7 6. e5 {[%emt 0:02:00] C00: French: Unusual White 2nd moves.} Ng4 7. h3 Nh6 {[%emt 0:00:00] [#]} 8. c3 $146 {[%emt 0:00:30] White is slightly better.} ({Predecessor:} 8. d4 Nxd4 9. Nxd4 cxd4 10. Bxh6 gxh6 11. O-O Qb6 12. Na3 d5 13. exd6 Qxd6 14. Nb5 {1-0 (23) So,W (2770)-Van Foreest,J (2673) Chess.com INT 2020}) 8... Nf5 9. Na3 d5 10. exd6 Bf6 (10... Bxd6 $11 11. d3 O-O) 11. O-O $14 O-O 12. d3 Qxd6 13. Nc4 Qe7 14. g4 Nh4 15. Nxh4 Bxh4 16. f4 h6 {[%emt 0:00:30] Inhibits g5.} 17. Be3 Bd7 18. a3 $36 {[%emt 0:01:30][%mdl 2048] White has some pressure.} a5 {[%emt 0:03:30] Against b4} 19. Nb6 Rad8 20. Qc2 Qd6 (20... Nb8 $14) 21. Nc4 $16 Qe7 22. Qb3 {[%emt 0:04:30] Threatens to win with Qb6. White is more active.} b5 23. Qxb5 Nd4 24. Qxa5 Nb3 25. Qb6 Nxa1 (25... Rb8 $16 26. Qa7 Bb5 27. Qxe7 Bxe7) 26. Bxc5 $18 ({Don't take} 26. Rxa1 $6 Rb8 27. Qxc5 (27. Bxc5 Rxb6 28. Bxe7 Bxe7 $11) 27... Ba4 $16) 26... Qf6 27. Bxf8 Rxf8 28. Qc7 {[%emt 0:05:30] Weighted Error Value: White=0.05 (flawless) /Black=0.24 (precise)} 1-0

[Event "Marmaris Karya-19 GM-May 2022"]
[Site "Icmeler-Marmaris"]
[Date "2022.05.16"]
[Round "8.4"]
[White "Sevdimaliyev, Urfan"]
[Black "Darban, Morteza"]
[Result "1/2-1/2"]
[WhiteElo "2331"]
[BlackElo "2279"]
[Annotator "TA"]
[PlyCount "19"]
[EventDate "2022.05.15"]
[EventType "schev"]
[EventCountry "TUR"]
[SourceTitle "playchess.com"]
[Source "ChessBase"]
[SourceQuality "1"]
[TimeControl "5400+30"]

1. d4 Nf6 2. c4 g6 3. Nc3 Bg7 4. e4 d6 5. Nf3 O-O 6. Be2 {[%emt 0:00:00] [#]} Bg4 $146 ({Predecessor:} 6... e5 7. O-O Bg4 8. d5 a5 9. Ne1 Bxe2 10. Qxe2 Na6 11. Nd3 b6 12. Bg5 h6 13. Bd2 Nd7 14. Rab1 Ndc5 15. Nxc5 Nxc5 16. Be3 f5 {½-½ (54) Giri,A (2773)-Van Foreest,J (2714) Oslo 2022}) 7. Ng1 Bc8 8. Nf3 Bg4 9. Ng1 Bc8 10. Nf3 {[%emt 0:00:00] 10.Bf3 is the recent fashion.} (10. Be3 $14) 1/2-1/2

[Event "Marmaris Karya-19 GM-May 2022"]
[Site "Icmeler-Marmaris"]
[Date "2022.05.16"]
[Round "8.5"]
[White "Benidze, Davit"]
[Black "Ozdemir, Serhan Berat"]
[Result "1-0"]
[ECO "C00"]
[WhiteElo "2425"]
[BlackElo "2117"]
[Annotator "TA"]
[PlyCount "51"]
[EventDate "2022.05.15"]
[EventType "schev"]
[EventCountry "TUR"]
[SourceTitle "playchess.com"]
[Source "ChessBase"]
[SourceQuality "1"]
[TimeControl "5400+30"]

1. e4 c5 2. Nf3 e6 3. Qe2 Nc6 4. g3 d6 5. Bg2 Nf6 6. O-O Be7 7. c3 e5 {[%emt 0:00:30] C00: French: Unusual White 2nd moves.} 8. Na3 O-O 9. Nc2 Re8 {[%emt 0:01:30] The position is equal.} 10. d3 Bf8 11. Bg5 h6 12. Bxf6 Qxf6 13. Ne3 g6 14. Nd2 Bg7 {[%emt 0:01:30] [#]} 15. Rae1 $146 ({Predecessor:} 15. f4 exf4 16. gxf4 Qd8 17. Qf2 Kh7 18. Kh1 Rb8 19. Rae1 b6 20. e5 Ne7 21. Ne4 dxe5 22. fxe5 {1-0 (35) Demchenko,A (2670)-Ruck,R (2502) Pontevedra 2018}) 15... Be6 16. f4 exf4 17. gxf4 Ne7 {[%emt 0:00:00] Against f5} (17... Qd8 $14) 18. Qf2 {[%emt 0:05:30] f5 is the strong threat.} Bd7 19. Qg3 (19. f5 $142) 19... h5 {[%emt 0:03:30] [#]} (19... d5 $142) 20. e5 $1 $36 {[%emt 0:16:30][%mdl 2048] Black is under strong pressure.} dxe5 21. Ne4 Qe6 {[%emt 0:00:00] [#]} 22. Nxc5 {[%emt 0:02:30] Pair of Knights!} (22. fxe5 $1 $18 Bxe5 23. Qg5) 22... Qd6 (22... exf4 $2 23. Qxf4 (23. Nxe6 fxg3 24. Nc7 gxh2+ 25. Kh1 Rab8 $16) 23... Qf6 24. Qxf6 $18) 23. Nxd7 {[%emt 0:09:30] White is more active.} (23. Nxb7 Qc7) 23... Qxd7 24. fxe5 {[%emt 0:00:30] Hoping for d4.} Qxd3 25. Qf3 Nc6 $2 (25... Rf8 $16) 26. Rd1 {[%emt 0:04:00] Weighted Error Value: White=0.10 (very precise) /Black=0.30} 1-0

[Event "Marmaris Karya-19 GM-May 2022"]
[Site "Icmeler-Marmaris"]
[Date "2022.05.16"]
[Round "9.1"]
[White "Caglar, Sila"]
[Black "Maghalashvili, Davit"]
[Result "0-1"]
[ECO "B22"]
[WhiteElo "2133"]
[BlackElo "2456"]
[Annotator "TA"]
[PlyCount "80"]
[EventDate "2022.05.15"]
[EventType "schev"]
[EventCountry "TUR"]
[SourceTitle "playchess.com"]
[Source "ChessBase"]
[SourceQuality "1"]
[TimeControl "5400+30"]

1. e4 c5 2. c3 Nf6 3. e5 Nd5 4. Nf3 Nc6 5. d4 cxd4 6. cxd4 d6 7. Bc4 Nb6 8. Bb5 Bd7 9. exd6 {[%emt 0:06:30] B22: Sicilian: 2 c3.} e6 10. Bf4 Nd5 11. Bd2 {[%emt 0:01:30] Black has an edge.} Bxd6 12. Nc3 {[%emt 0:00:30] [#]} Nce7 $146 ({Predecessor:} 12... O-O 13. Nxd5 exd5 14. O-O Qb6 15. Qb3 a6 16. Bc4 Qxb3 17. Bxb3 Be6 18. Rfe1 Rac8 19. Rac1 b5 20. a3 a5 {1-0 (24) Grandolio,J-Poblete Mella,L Parana 2007}) 13. Bc4 Bc6 14. O-O O-O 15. Ne5 Bxe5 16. dxe5 Ng6 17. Re1 (17. Bxd5 $11 {remains equal.} exd5 18. Be3) 17... Nxc3 $17 18. bxc3 Qh4 19. Bf1 Rfd8 20. Qc1 Qg4 {[%emt 0:08:30][%cal Oc6g2] Hoping for ...Bxg2!} 21. h3 Qf5 22. Bg5 {[%emt 0:09:30] [#] Black continues to play with concentration.} Nxe5 $1 {[%emt 0:01:30][%cal Oe5f3] aiming for ...Nf3+!} 23. Qe3 {[%emt 0:02:30] Against Nf3+} Rd5 $36 {[%emt 0:06:30][%cal Oe5f3][%mdl 2048] White must now prevent ...Nf3+! Black has strong initiative. Black is much more active.} 24. f4 {[%emt 0:04:30] [#]} (24. Bh4 $17) 24... Ng6 $1 $19 {[%emt 0:06:30] And now ...h6 would win.} 25. g4 Qc2 {[%emt 0:00:30] ...h6 is the strong threat.} 26. Rec1 (26. Rac1 {is a better defense.} Qb2 27. Rb1) 26... Qa4 27. c4 Ra5 28. Bd3 (28. Rd1 $142) 28... Qa3 29. Kf2 $2 (29. Re1 {was forced.}) 29... h6 30. Bxg6 hxg5 31. Bc2 gxf4 32. Qxf4 Qxh3 {[%emt 0:00:30] Strongly threatening ...Qg2+.} 33. Rg1 {[%emt 0:00:30] Inhibits Qg2+.} Qh4+ 34. Ke2 Qg5 35. Qxg5 Rxg5 36. Raf1 Rd8 {[%emt 0:00:30] Threatens to win with ...Re5+.} 37. Rf4 (37. Rg3 $142) 37... Re5+ {[%emt 0:00:30] Black is clearly winning.} 38. Kf1 Rd2 39. Rf2 Rd4 40. Bb3 a5 {[%emt 0:00:30] Weighted Error Value: White=0.45/Black=0.16 (very precise)} 0-1

[Event "Marmaris Karya-19 GM-May 2022"]
[Site "Icmeler-Marmaris"]
[Date "2022.05.16"]
[Round "9.2"]
[White "Gunduz, Umut Erdem"]
[Black "Gholami, Aryan"]
[Result "1-0"]
[ECO "B48"]
[WhiteElo "2316"]
[BlackElo "2530"]
[Annotator "TA"]
[PlyCount "89"]
[EventDate "2022.05.15"]
[EventType "schev"]
[EventCountry "TUR"]
[SourceTitle "playchess.com"]
[Source "ChessBase"]
[SourceQuality "1"]
[TimeControl "5400+30"]

1. e4 c5 2. Nf3 e6 3. d4 cxd4 4. Nxd4 a6 5. Nc3 Qc7 6. Bd3 Nc6 7. Be3 Nf6 8. O-O Bd6 9. h3 b5 10. Nxc6 {[%emt 0:02:30] B48: Sicilian: Taimanov: 5 Nc3 Qc7 6 Be3 a6 without Be2.} dxc6 11. f4 {[%emt 0:00:30] Black must now prevent e5.} e5 12. f5 {[%emt 0:00:30] The position is equal.} Bb7 13. a4 Qe7 14. Qf3 Bc5 {[%emt 0:00:30] [#]} 15. g4 $146 ({Predecessor:} 15. Qf2 Bxe3 16. Qxe3 b4 17. Ne2 c5 18. Ng3 O-O 19. b3 Rfd8 20. Rad1 Rd7 21. Rf2 {0-1 (35) Harman,K (1938)-Brotherton,T (1945) ICCF email 2011}) 15... h5 16. g5 ({Don't play} 16. axb5 hxg4 17. Bxc5 Qxc5+ 18. Qf2 Qxf2+ 19. Kxf2 cxb5 20. hxg4 Nxg4+ 21. Ke2 Nf6 $17) 16... Nd7 17. h4 f6 18. g6 O-O-O 19. Rfd1 Bd4 20. Rd2 (20. axb5 $11 axb5 21. Kg2) 20... Qb4 21. Ne2 Qxb2 22. Rdd1 {[%emt 0:00:30] Hoping for Bxd4.} Bxe3+ 23. Qxe3 Qb4 24. Ng3 Nc5 (24... bxa4 25. Rdb1 Qc5 26. Kf2) 25. axb5 axb5 26. Be2 {[%emt 0:01:30] And now c3 would win.} Na4 {[%emt 0:02:30][%mdl 8192] [#] Inhibits c3. White stays focused until the end.} (26... Rxd1+ $1 $11 {and Black is okay.} 27. Rxd1 Rg8) 27. Rxd8+ $1 $18 Rxd8 (27... Kxd8 {was worth a try.} 28. Nxh5 c5) 28. Nxh5 Nc3 29. Bf3 (29. Nxg7 Nxe2+ 30. Qxe2 Qd4+ 31. Kh2 Qxa1 $11) 29... Qb2 (29... Rd7 $142 30. Nxg7 Rxg7) 30. Re1 Qxc2 31. Rc1 Nd1 32. Rxc2 Nxe3 33. Rc3 Nc4 34. Nxg7 Ba6 35. Ne6 b4 36. Nxd8 bxc3 {[%emt 0:00:00][%mdl 4096] Endgame [#] KBN-KBN} 37. Bd1 $1 Ne3 (37... Kxd8 38. g7) 38. g7 {[%emt 0:00:30] White threatens Ne6 and mate.} Nxd1 39. g8=Q c2 40. Ne6+ Kb7 41. Nc5+ Kb6 42. Nb3 Nc3 {[%emt 0:00:00] White is clearly winning.} 43. Nc1 {[%emt 0:01:00] White wants to mate with Qb3+.} Nxe4 44. Qb3+ Bb5 45. Qxc2 {[%emt 0:00:30] Weighted Error Value: White=0.07 (flawless) /Black=0.55} 1-0